 Dungeon Crawl Stone Soup version 0.29.0-4-gdea44cf6ec (webtiles) character file.

Game seed: 4249394918921328932

19 qw the Chopper (level 2, -3/16 (17) HPs)
             Began as a Tengu Warper on Aug 28, 2022.
             Slain by an ogre
             ... wielding a +0 giant club
              (15 damage)
             ... on level 2 of the Dungeon.
             The game lasted 00:00:05 (1196 turns).

qw the Chopper (Tengu Warper)                       Turns: 1196, Time: 00:00:06

HP:   -3/16 (17)    AC:  6    Str: 11    XL:     2   Next: 75%
MP:   6/6           EV: 10    Int: 13    God:
Gold: 52            SH:  0    Dex: 13    Spells: 5/5 levels left

rFire   . . .      SeeInvis .   Y - +0 hand axe
rCold   . . .      Faith    .   (no shield)
rNeg    . . .      Spirit   .   i - +0 ring mail
rPois   .          Reflect  .   g - +1 hat
rElec   .          Harm     .   (no cloak)
rCorr   .          Rampage  .   (no gloves)
Will    .....                   (boots unavailable)
Stlth   +.........              (no amulet)
HPRegen 0.05/turn               (no ring)
MPRegen 0.10/turn               (no ring)

@: drained
A: beak, talons 3
a: no special abilities


You were on level 2 of the Dungeon.
You visited 1 branch of the dungeon, and saw 2 of its levels.

You collected 52 gold pieces.


Innate Abilities, Weirdness & Mutations

You have a beak for a mouth.
You have claws for feet.


   Skills:
 - Level 2.0 Fighting
 + Level 3.5 Axes
 - Level 1.0 Throwing
 - Level 1.1 Armour
 - Level 2.1 Dodging
 - Level 2.0 Spellcasting
 - Level 2.4 Translocations


You had 5 spell levels left.
You didn't know any spells.
Your spell library contained the following spells:

 Spells                   Type           Power      Damage    Failure   Level
 Blink                    Tloc           14%        N/A       34%         2
 Gell's Gravitas          Tloc           7%         N/A       56%         3
 Lesser Beckoning         Tloc           7%         N/A       56%         3
 Teleport Other           Tloc           7%         N/A       56%         3
 Manifold Assault         Tloc           7%         N/A       99%         5

Inventory:

Hand Weapons
 e - a +0 mace
 Y - a +0 hand axe (weapon)
Armour
 g - a +1 hat (worn)
 i - a +0 ring mail (worn)
Potions
 a - a potion of degeneration {unknown}
 d - a potion of lignification {unknown}
 f - a potion of berserk rage {unknown}
 j - a potion of attraction {unknown}

Dungeon Overview and Level Annotations

Branches:
Dungeon (2/15)

Altars:


Message History

There are monsters nearby!
Enter note:
Enter note:
1180 ||| STAIRDANCE The ball python misses you.
The ball python grabs you.
You stop ascending the stairs.
The ball python constricts you.
You hit the ball python. You claw the ball python.
You kill the ball python!
You hit the endoplasm. You claw the endoplasm. You peck the endoplasm.
You kill the endoplasm!
Found a book of Debilitation.
There is a stone staircase leading up here.
An orc is nearby!
The orc shouts!
An ogre comes into view. It is wielding a +0 giant club.
An orc wizard comes into view. It is wielding a +0 dagger.
The orc wizard shouts!
The ogre shouts!
The orc barely misses you.
You see here a ball python corpse.
You hit the orc. Your peck misses the orc.
The orc is lightly wounded.
The orc hits you with a +0 hand axe.
You barely miss the orc. You claw the orc, but do no damage.
Your peck misses the orc.
The orc is lightly wounded.
The orc hits you but does no damage.
You hit the orc. Your kick misses the orc.
The orc is moderately wounded.
You hit the orc but do no damage. The orc hits you with a +0 hand axe.
The orc hits you with a +0 dagger.
You hit the orc.
You kill the orc!
You hit the orc. The orc barely misses you.
You hit the orc.
The orc is severely wounded.
You barely miss the ogre. You hit the orc priest.
The ogre hits you with a +0 giant club!
Ouch! That really hurt!
You die...

#...o.........
...............
...............
..............#
...............
.............#
..#....o.....#.
......[o)o......
...##...@O....#
#....#.<.....#
#..........#..#
##.........# .
#...........#
#.#.........# #
#...........
#...........#
#..........##


You could see an ogre, an orc priest, an orc wizard and an orc.

Vanquished Creatures
  An orc (D:2)
  An endoplasm (D:2)
  A goblin (D:1)
  2 jackals (D:1)
  3 kobolds
  4 ball pythons
  A bat (D:1)
  A frilled lizard (D:1)
  4 rats (D:1)
18 creatures vanquished.

Notes
Turn   | Place    | Note
-------+----------+-------------------------------------------
     0 | D:1      | qw the Tengu Warper began the quest for the Orb.
     0 | D:1      | Reached XP level 1. HP: 12/12 MP: 4/4
     0 | D:1      | 0 ||| qw: Version: 0.1-a-89-g26bdef1
     0 | D:1      | 0 ||| qw: Game counter: 2746
     0 | D:1      | 0 ||| qw: Always use a shield: true
     0 | D:1      | 0 ||| qw: God list: Okawaru
     0 | D:1      | 0 ||| qw: Allow faded altars: false
     0 | D:1      | 0 ||| qw: Do Orc after D:15 true
     0 | D:1      | 0 ||| qw: Do second Lair branch before Depths: true
     0 | D:1      | 0 ||| qw: Lair rune preference: random
     0 | D:1      | 0 ||| qw: Plans: Normal
     0 | D:1      | 0 ||| PLANNING D:1-11
   211 | D:1      | 211 ||| Stepping ~*~*~tactically~*~*~ (stealth).
   212 | D:1      | 212 ||| Stepping ~*~*~tactically~*~*~ (stealth).
   218 | D:1      | Reached skill level 3 in Axes
   218 | D:1      | Reached XP level 2. HP: 16/17 MP: 6/6
   218 | D:1      | 218 ||| Stepping ~*~*~tactically~*~*~ (stealth).
   224 | D:1      | 224 ||| Stepping ~*~*~tactically~*~*~ (stealth).
   560 | D:1      | You fall into a shaft and drop 1 floor!
   561 | D:2      | 561 ||| UPGRADING to +1 hat.
   566 | D:2      | 566 ||| READING scroll labelled AHAID BUTULLE.
   567 | D:2      | 567 ||| DROPPING scroll of blinking.
   586 | D:2      | 586 ||| STAIRDANCE
  1118 | D:1      | 1118 ||| UPGRADING to +0 ring mail.
  1128 | D:1      | 1128 ||| DROPPING +0 leather armour.
  1129 | D:1      | 1129 ||| READING scroll labelled EVVURE IFFOU.
  1130 | D:1      | 1130 ||| READING scroll labelled NAKUDUADGHA.
  1180 | D:2      | 1180 ||| STAIRDANCE
  1190 | D:2      | Noticed an ogre
  1196 | D:2      | Slain by an ogre

Levels and vault maps discovered:
D:1:      dpeg_arrival_more_subterranean_lakeside_camping, layout_basic
D:2:      layout_rooms, minmay_misc_feat_square

Skill      XL: |  1 |
---------------+----+-----
Axes           | 3 |  3.5
Fighting       | |  2.0
Throwing       | |  1.0
Armour         | |  1.1
Dodging        | |  2.1
Spellcasting   | |  2.0
Translocations | |  2.4

Action                   || total
-------------------------++-------
Melee: Hand axe          ||    39
       Kick              ||    14
       Peck              ||     4
Throw: Boomerang         ||     7
  Use: Scroll            ||     3
Armor: Leather armour    ||     6
       Ring mail         ||     1
Dodge: Dodged            ||    25

Table legend:
 A = Non-vault XP
 B = Vault XP
 C = Vault XP percentage of total XP
 D = Non-vault monster count
 E = Vault monster count
 F = Vault count percentage of total count
                 A         B        C        D         E       F
            +---------+---------+-------+---------+---------+-------
      Total |      28 |       0 |   0.0 |      18 |       0 |   0.0
            +---------+---------+-------+---------+---------+-------
        D:1 |      19 |       0 |   0.0 |      14 |       0 |   0.0
        D:2 |       9 |       0 |   0.0 |       4 |       0 |   0.0
            +---------+---------+-------+---------+---------+-------
